 Dungeon Crawl Stone Soup version 0.28-a0-1152-g9c71ebef14 (webtiles) character file.

Game seed: 17806402455085910480

10 spaghetti the Sneak (level 2, -7/21 HPs)
             Began as an Octopode Delver on Dec 14, 2021.
             Mangled by an iguana (14 damage)
             ... on level 5 of the Dungeon.
             The game lasted 00:00:36 (76 turns).

spaghetti the Sneak (Octopode Delver)                 Turns: 76, Time: 00:00:38

Health: -7/21      AC:  1    Str: 11    XL:     2   Next: 20%
Magic:  2/2        EV: 13    Int: 12    God:
Gold:   20         SH:  0    Dex: 13    Spells: 1/1 levels left

rFire   . . .      SeeInvis .   a - +0 spear {polearm}
rCold   . . .      Faith    .   (no shield)
rNeg    . . .      Spirit   .   (helmet restricted)
rPois   .          Reflect  .   (no amulet)
rElec   .          Harm     .   (no ring)
rCorr   .          Rampage  .   (no ring)
Will    .....                   (no ring)
Stlth   ++++......              (no ring)
HPRegen 0.07/turn               (no ring)
MPRegen 0.08/turn               (no ring)
                                (no ring)
                                (no ring)

@: no status effects
A: almost no armour, amphibious, 8 rings, camouflage 1, gelatinous body 1,
(nimble swimmer 1), tentacles
a: no special abilities


You were on level 5 of the Dungeon.
You visited 1 branch of the dungeon, and saw 1 of its levels.

You collected 20 gold pieces.


Innate Abilities, Weirdness & Mutations

You cannot wear most types of armour.
You are amphibious.
You can wear up to eight rings at the same time.
Your skin changes colour to match your surroundings (Stealth+).
Your rubbery body absorbs attacks. (AC +1, EV +1)
((You are camouflaged near water. (Stealth+)))
You have tentacles for arms and can constrict up to eight enemies at once.


   Skills:
 - Level 3.0 Fighting
 - Level 2.0 Polearms
 + Level 2.8 Dodging
 - Level 6.6 Stealth


You had one spell level left.
You didn't know any spells.
Your spell library was empty.

Inventory:

Hand Weapons
 a - a +0 spear (weapon) {polearm}
Wands
 f - a wand of digging (1)
Scrolls
 b - a scroll of fog
 c - a scroll of magic mapping {!r}
Potions
 e - a potion of haste {@q3}

Dungeon Overview and Level Annotations

Branches:
Dungeon (5/15)
 Temple: D:4-7

Altars:

......# ##.......#
......###........#
l......#......####
.............####
............###.###
#.......##...##...#
#.!...............#
# ....##...#...l.##
.. ... ##.##...#@#
..... #.. #...###
... ....#....# ..
..........#
.....#.....
..####..( .. ...#


You could see an iguana.


Message History

🤖 Initializing magus.rc ...
Options error: Delay interrupt name "hungry" not recognised. (~/.crawlrc:4771) ✅ Successfully initialized magus.rc [v1.9.6] Welcome, spaghetti the Octopode Delver.
The wondrous Orb of Zot lies far below, as if waiting for you to find it.
Press ? for a list of commands and other information.
Found 15 gold pieces.
Found a stone staircase leading down.
Unknown command.
You now have 15 gold pieces.
You now have 20 gold pieces (gained 5).
A quokka comes into view.
A quokka is nearby! 2 adders come into view.
You catch the helpless quokka completely off-guard!
You hit the quokka but do no damage. Your grab misses the quokka.
You squeeze the quokka.
You kill the quokka!
You reach to attack!
The helpless adder fails to defend itself.
You hit the adder. You closely miss the adder. You grab the adder.
You constrict the adder. The adder closely misses you.
An adder comes into view.
The adder barely misses you.
The adder hisses angrily.
You hit the adder.
You kill the adder!
You have reached level 2! 😎 HP[+5] MP[+1]
You now have 21 max hp (+5).
Your hp is fully restored (21).
Your mp is fully restored (2).
Unknown command.
The adder barely misses you. The adder bites you. The adder barely misses you.
You see here a scroll labelled VEMOBA TUEPTESHRAO. 😕 HP[-3]
You take 3 damage, and now have 18/21 hp.
g - a scroll labelled VEMOBA TUEPTESHRAO The adder bites you.
You are poisoned.
The adder poisons you! 😮 HP[-3]
You take 3 damage, and now have 15/21 hp.
As you read the scroll labelled VEMOBA TUEPTESHRAO, it crumbles to dust.
It is a scroll of amnesia.
You feel forgetful for a moment.
You feel sick. The adder bites you.
* * * LOW HITPOINT WARNING * * *
😨 HP[-5]
You take 5 damage, and now have 10/21 hp.
MASSIVE DAMAGE!! (PAUSE)
Okay, then.
As you read the scroll of fear, it crumbles to dust.
You assume a fearsome visage.
The adder looks frightened!
You feel sick. 😨 HP[-1]
You take 1 damage, and now have 9/21 hp.
You feel sick. 😨 HP[-1]
You take 1 damage, and now have 8/21 hp.
You feel sick. 😨 HP[-1]
You take 1 damage, and now have 7/21 hp.
You feel sick.
You are no longer poisoned. 😨 HP[-1]
You take 1 damage, and now have 6/21 hp.
An iguana comes into view.
Okay, then.
Aiming: Dig
Press: ? - help, Shift-Dir - straight line A rock wall.
The rock shatters into small pieces.
The iguana hisses angrily. 😨 HP[+1]
Okay, then.
Unknown command.
Aiming: Dig
Press: ? - help, Shift-Dir - straight line A rock wall.
The rock shatters into small pieces. 😨 HP[+1]
Okay, then.
The iguana hisses menacingly.
Okay, then.
Okay, then.
You closely miss the iguana. You grab the iguana. You constrict the iguana.
The iguana barely misses you.
You hit the iguana but do no damage. You constrict the iguana.
The iguana bites you.
* * * LOW HITPOINT WARNING * * *
😨 HP[-1]
You take 1 damage, and now have 7/21 hp.
Unknown command.
Unknown command.
You hit the iguana but do no damage.
You constrict the iguana, but do no damage.
The iguana bites you!
Ouch! That really hurt!
You die...

Action                   || total
-------------------------++-------
Melee: Spear             ||     7
       Constrict         ||     2
       Tentacles         ||     1
Evoke: Wand              ||     2
  Use: Scroll            ||     2
 Stab: Distracted        ||     1
       Sleeping          ||     1
Dodge: Dodged            ||     5

Levels and vault maps discovered:
D:5:      layout_cave_pools, kennysheep_generic_room_8

Notes
Turn   | Place    | Note
-------+----------+-------------------------------------------
     0 | D:5      | spaghetti the Octopode Delver began the quest for the Orb.
     0 | D:5      | Reached XP level 1. HP: 16/16 MP: 1/1
     0 | D:5      | magus.rc [v1.9.6]
    34 | D:5      | Reached XP level 2. HP: 21/21 MP: 2/2
    76 | D:5      | Mangled by an iguana

Vanquished Creatures
  An adder (D:5)
  A quokka (D:5)
2 creatures vanquished.

Table legend:
 A = Non-vault XP
 B = Vault XP
 C = Vault XP percentage of total XP
 D = Non-vault monster count
 E = Vault monster count
 F = Vault count percentage of total count
                 A         B        C        D         E       F
            +---------+---------+-------+---------+---------+-------
      Total |      15 |       0 |   0.0 |       2 |       0 |   0.0
            +---------+---------+-------+---------+---------+-------
        D:5 |      15 |       0 |   0.0 |       2 |       0 |   0.0
            +---------+---------+-------+---------+---------+-------

Illustrated notes

Table legend:
 A = Kills in this place as a percentage of kills in entire the game.
 B = Kills by you in this place as a percentage of kills by you in the entire game.
 C = Kills by friends in this place as a percentage of kills by friends in the entire game.
 D = Other kills in this place as a percentage of other kills in the entire game.
 E = Experience gained in this place as a percentage of experience gained in the entire game.
 F = Experience gained in this place divided by the number of levels of this place that you have seen.
                   A       B       C       D       E      F
               +-------+-------+-------+-------+-------+----------------------
         Total | 100.0 | 100.0 |   N/A |   N/A | 100.0 |  15.0
       Dungeon | 100.0 | 100.0 |   N/A |   N/A | 100.0 |  15.0
               +-------+-------+-------+-------+-------+----------------------

Table legend: (Time is in decaauts)
 A = Elapsed time spent in this place.
 B = Non-inter-level travel time spent in this place.
 C = Inter-level travel time spent in this place.
 D = Time resting spent in this place.
 E = Time spent auto-exploring this place.
 F = Levels seen in this place.
 G = Mean time per level.
                   A        B        C        D        E       F      G
               +--------+--------+--------+--------+--------+-----+--------+
         Total |     76 |     76 |      0 |      0 |     21 |   1 |   76.0 |
       Dungeon |     76 |     76 |      0 |      0 |     21 |   1 |   76.0 |
               +--------+--------+--------+--------+--------+-----+--------+

Top non-repeatable levels by time:
     D:5: 76 daAuts
